 Dungeon Crawl Stone Soup version 0.31-a0-210-gccc998df9b (webtiles) character file.

Game seed: 9637996308666409785

966 kae the Changer (level 7, 0/57 HPs)
             Began as a Demonspawn Transmuter on June 30, 2023.
             Slain by a killer bee (7 damage)
             ... on level 6 of the Dungeon.
             The game lasted 00:04:24 (4093 turns).

kae the Changer (Demonspawn Transmuter)             Turns: 4093, Time: 00:04:25

Health: 0/57       AC:  6    Str: 10    XL:     7   Next: 93%
Magic:  10/13      EV: 10    Int: 17    God:
Gold:   202        SH:  0    Dex: 13    Spells: 4/14 levels left

rFire   x .          .
                       - Unarmed
rCold   + + +        (shield currently unavailable)
rNeg    . . .        a - melded +0 robe
rPois   +            (helmet currently unavailable)
rElec   .            (cloak currently unavailable)
rCorr   .            (gloves currently unavailable)
SInv    .            (boots currently unavailable)
Will    .....        (no amulet)
Stlth   +            (no ring)
HPRegen 0.29/turn    (no ring)
MPRegen 0.26/turn

%: no passive effects
@: lethally poisoned (0 -> -4), ice-form, wereblooded
A: freezing attack, amphibious, boosted hp, large, magic regeneration, (demonic
touch 2)
a: End Transformation


You were on level 6 of the Dungeon.
You were a creature of crystalline ice.
You visited 1 branch of the dungeon, and saw 6 of its levels.

You collected 202 gold pieces.


Innate Abilities, Weirdness & Mutations

You are a creature of crystalline ice.
You have a powerful freezing melee attack.
You are amphibious.
Your maximum health is increased.
Your armour is entirely melded.
You are incapable of wielding weapons or throwing items.
You regenerate magic rapidly.
((Your touch may inflict irresistible damage on your foes.))


   Skills:
 - Level 1.0 Fighting
 - Level 1.7 Dodging
 + Level 4.4 Unarmed Combat
 - Level 4.0 Spellcasting
 * Level 5.5 Transmutations
 * Level 3.0 Ice Magic
 - Level 2.0 Poison Magic


You had 4 spell levels left.
You knew the following spells:

 Your Spells              Type           Power      Damage    Failure   Level
a - Beastly Appendage     Tmut           44%        N/A       1%          1
b - Wereblood             Tmut           22%        N/A       2%          2
c - Spider Form           Tmut/Pois      16%        N/A       10%         3
d - Ice Form              Ice/Tmut       18%        N/A       26%         4

Your spell library contained the following spells:

 Spells                   Type           Power      Damage    Failure   Level
 Magic Dart               Conj           12%        1d3       16%         1
 Call Imp                 Summ           6%         N/A       24%         2
 Mephitic Cloud           Conj/Pois/Air  5%         N/A       36%         3
 Call Canine Familiar     Summ           3%         N/A       43%         3
 Portal Projectile        Hex/Tloc       6%         N/A       43%         3
 Stone Arrow              Conj/Erth      6%         3d7       43%         3
 Animate Armour           Summ/Erth      6%         N/A       83%         4
 Leda's Liquefaction      Hex/Erth       1%         N/A       83%         4
 Lehudib's Crystal Spear  Conj/Erth      1%         10d2      100%        8

Inventory:

Missiles
 e - 38 stones
 f - 8 poisoned darts
Armour
 a - a +0 robe (melded)
Magical Staves
 j - a staff of earth {!a}
   (You found it on level 4 of the Dungeon)
Potions
 b - a potion of lignification {!q}
 c - 7 potions of curing {@q1}
 d - a potion of might
 g - 2 potions of heal wounds {@q2}
 h - a potion of invisibility
 i - 2 potions of ambrosia

Dungeon Overview and Level Annotations

Branches:
Dungeon (6/15) Zot: 26964
 Temple: D:4-7

Altars:
Kikubaaqudgha
Trog
Uskayaw
Wu Jian

Annotations:
D:4 2 transporters, Reshi88's ghost, amateur FoFi
D:5 Edmund

,,,,,,,,,*,,,,,*,,,*,,,,,,,,**,,,
**************<#...*,,,,,,,,**,,,
.........,,,,,,#..,*,,,,,,,,**,,,
.#>......,*****#..,*,,,,,,,,**,,,
.#........,,,,,...,+,,,,,,,,+,,,,
.#######..#****#(#,*,,,,,,,,**,,,
.########..### #.#,*,,,,,,,,**,**
.########,...# #y#,*,,,,,,,,**,**
.########,*#.###Y#,***********,**
...#########...#.#,* *****+**
.##..§§.....#....#,* *,,,,,,*
.##.≈§§≈≈§≈.#....#,*******,,,,,,*
.##≈.§§≈≈..≈#..(.....,,,,+,,,,,,*
.##≈.≈...§.≈#.........,***,,,,,,*
.##≈.≈._.§.≈#.<..#..##,,,,,,,****
#.#≈)≈...≈.§##+#.#..#*,*****,*
#.#≈..§≈≈..≈#*,.....#*,*,* *,*


You could see a killer bee.


Message History

[Y]es or [N]o only, please.
The spell is quite dangerous to miscast (34% risk of failure)!
Continue anyway?
You turn into a creature of crystalline ice.
Your +0 robe melds into your body.
A killer bee comes into view. 😎 HP[+9] MP[-4]
You now have 57 max hp (+9).
Your hp is fully restored (57).
You lost 4 mp, and now have 8/12 mp.
Casting: Ice Form (quite dangerous; 34% risk of failure)
Confirm with . or Enter, or press ? or * to list all spells.
Your blood is infused with primal strength.
The killer bee buzzes angrily.
You hear an angry buzzing noise. x3
A killer bee comes into view.
The killer bee stings you but does no damage.
The killer bee misses you. 😎 MP[-2]
You lost 2 mp, and now have 6/12 mp.
You hit the killer bee. You freeze the killer bee.
The killer bee stings you. 😕 HP[-2] MP[+1]
You take 2 damage, and now have 55/57 hp.
You punch the killer bee! You freeze the killer bee.
You feel a bit better.
You kill the killer bee!
A killer bee comes into view. x2
Unknown command. 😕 HP[+1]
A killer bee comes into view.
The killer bee barely misses you. The killer bee stings you.
You see here a killer bee corpse. 😕 HP[-3]
You take 3 damage, and now have 53/57 hp.
Unknown command.
The killer bee buzzes angrily. x2
You punch the killer bee! You freeze the killer bee. The killer bee stings you.
The killer bee stings you but does no damage. 😕 HP[-4] MP[+1]
You take 4 damage, and now have 49/57 hp.
You hit the killer bee. You freeze the killer bee.
You feel a bit better.
You kill the killer bee!
The killer bee barely misses you. 😕 HP[+2]
You regained 2 hp, and now have 51/57 hp.
Unknown command.
You punch the killer bee! You freeze the killer bee. The killer bee stings you.
The killer bee barely misses you. 😕 HP[-2]
You take 2 damage, and now have 49/57 hp.
You barely miss the killer bee.
You howl as the wereblood boils in your veins!
The killer bee barely misses you. The killer bee stings you. 😕 HP[-2]
You take 2 damage, and now have 47/57 hp.
You punch the killer bee! You freeze the killer bee.
You feel a bit better.
You kill the killer bee!
The killer bee stings you.
Training target 4.0 for Spellcasting reached!
Your Spellcasting skill increases to level 4! 😕 HP[-3]
You take 3 damage, and now have 44/57 hp.
You punch the killer bee! You freeze the killer bee.
The killer bee barely misses you.
The killer bee stings you but does no damage. 😕 MP[+1]
You hit the killer bee. You freeze the killer bee.
You feel a bit better.
You kill the killer bee! 😕 HP[+2]
You regained 2 hp, and now have 46/57 hp.
You hit the killer bee. You freeze the killer bee.
The killer bee barely misses you. The killer bee stings you. 😕 HP[-3]
You take 3 damage, and now have 43/57 hp.
You closely miss the killer bee. The killer bee barely misses you.
The killer bee stings you.
You are poisoned.
The killer bee poisons you! 😮 HP[-5]
You take 5 damage, and now have 38/57 hp.
You closely miss the killer bee.
You feel very sick. The killer bee barely misses you.
The killer bee stings you but does no damage. 😮 HP[-3] MP[+1]
You take 3 damage, and now have 35/57 hp.
You punch the killer bee! You freeze the killer bee.
You feel a bit better.
You kill the killer bee!
You feel sick. The killer bee stings you.
Your Ice Magic skill increases to level 3! 😮 HP[-4]
You take 4 damage, and now have 31/57 hp.
You miss the killer bee.
You feel sick. The killer bee stings you!
* * * LOW HITPOINT WARNING * * *
The killer bee stings you!
* * * LOW HITPOINT WARNING * * *
😨 HP[-16]
You take 16 damage, and now have 15/57 hp.
MASSIVE DAMAGE!! (PAUSE)
You hit the killer bee. You freeze the killer bee.
You feel sick. The killer bee stings you!
* * * LOW HITPOINT WARNING * * *
The killer bee stings you!
You die...

Skill      XL: |  1  2  3  4  5  6  7 |
---------------+----------------------+-----
Transmutations | 2 3 4 5 |  5.5
Unarmed Combat | 3 4 |  4.4
Poison Magic   | 1 2 |  2.0
Spellcasting   | 3 4 |  4.0
Ice Magic      | 1 3 |  3.0
Fighting       | |  1.0
Dodging        | |  1.7

Action                     |  1- 3 |  4- 6 |  7- 9 || total
---------------------------+-------+-------+-------++-------
  Melee: Unarmed           |   108 |    99 |    52 ||   259
         Kick              |    20 |    11 |       ||    31
         Headbutt          |     6 |     5 |       ||    11
         Punch             |     2 |     3 |       ||     5
         Touch             |     4 |     5 |       ||     9
   Cast: Beastly Appendage |    29 |    11 |       ||    40
         Spider Form       |     1 |     6 |     1 ||     8
         Wereblood         |       |     3 |     1 ||     4
         Ice Form          |       |       |     2 ||     2
    Use: Scroll            |     5 |     3 |     2 ||    10
         Potion            |     2 |     2 |       ||     4
   Stab: Sleeping          |     2 |       |       ||     2
         Distracted        |       |     1 |       ||     1
 Armour: Robe              |    15 |     8 |       ||    23
         Skin              |     2 |    48 |     9 ||    59
  Dodge: Dodged            |    79 |    67 |    33 ||   179

Levels and vault maps discovered:
D:1:      dpeg_arrival_lava_altar, layout_loops_corners, serial_aquarium,
          aquarium_bridge_square [aquarium_subvault_bridge,
          aquarium_subvault_wall, aquarium_subvault_window,
          aquarium_subvault_bridge], aquarium_window_1, aquarium_window_1,
          aquarium_view_2a, aquarium_pool_side
D:2:      minmay_wonky_spiral, layout_loops_ring, basic_altar
D:3:      layout_basic, nicolae_uskayaw_dance_hall, mainiacjoe_overflow_brackets
D:4:      minmay_opposing_rooms, layout_basic, lemuel_coloured_pillars_altar,
          serial_forest, infiniplex_forest_end_2, infiniplex_forest_straight_5,
          infiniplex_forest_lined_room_2, infiniplex_forest_end_1,
          infiniplex_forest_straight_2, infiniplex_forest_clump_long,
          gammafunk_ghost_smash, saegor_snake_ambush
D:5:      layout_layer_cave, serial_shops, shop, nicolae_shop_clearance,
          uniq_edmund
D:6:      layout_basic, mainiacjoe_overflow_alcove_2, mainiacjoe_overflow_paths,
          mainiacjoe_overflow_concentric_impassable, enter_ossuary_1

Notes
Turn   | Place    | Note
-------+----------+-------------------------------------------
     0 | D:1      | kae the Demonspawn Transmuter began the quest for the Orb.
     0 | D:1      | Reached XP level 1. HP: 15/15 MP: 3/3
     0 | D:1      | magus.rc [v1.11.3]
   298 | D:1      | Reached skill level 2 in Transmutations
   389 | D:1      | Gained mutation: Your touch may inflict minor irresistible
                  | damage on your foes. [demonic ancestry]
   389 | D:1      | Reached XP level 2. HP: 17/21 MP: 3/5
   832 | D:2      | Learned a level 2 spell: Wereblood
   911 | D:2      | Found an ornate altar of the Wu Jian Council.
   953 | D:2      | Reached skill level 3 in Unarmed Combat
  1111 | D:2      | Reached XP level 3. HP: 26/26 MP: 4/6
  1115 | D:2      | Learned a level 3 spell: Spider Form
  1336 | D:2      | HP: 3/26 [kobold/+1 whip of distortion (21)]
  1880 | D:3      | Found a hide-covered altar of Uskayaw.
  1891 | D:3      | You pick up a book of the Hunter and begin reading...
  1891 | D:3      | You add the spells Call Canine Familiar, Portal Projectile
                  | and Leda's Liquefaction to your library.
  2039 | D:3      | Reached skill level 1 in Poison Magic
  2039 | D:3      | Reached XP level 4. HP: 29/32 MP: 5/7
  2212 | D:3      | Reached skill level 3 in Transmutations
  2233 | D:3      | Found a bloodstained altar of Trog.
  2439 | D:4      | You pick up a book of Minor Magic and begin reading...
  2439 | D:4      | You add the spells Magic Dart, Call Imp and Mephitic Cloud
                  | to your library.
  2537 | D:4      | Noticed a scorpion
  2551 | D:4      | Killed a scorpion
  2552 | D:4      | Gained mutation: Your touch may inflict irresistible damage
                  | on your foes. [demonic ancestry]
  2552 | D:4      | Reached XP level 5. HP: 37/37 MP: 2/9
  2555 | D:4      | Reached skill level 2 in Poison Magic
  2622 | D:4      | Noticed Reshi88's ghost (amateur FoFi)
  2622 | D:4      | Identified the +9 dire flail of the Hidden Ziggurats
                  | {venom, rF- Int+5}
  2622 | D:4      | Noticed an ogre
  2623 | D:4      | Found a transporter.
  2624 | D:4      | Found a transporter.
  2628 | D:4      | Noticed an ogre
  2712 | D:4      | HP: 9/37 [poisoned by an adder]
  2713 | D:4      | HP: 4/37 [poisoned by an adder]
  2717 | D:4      | HP: 1/37 [poisoned by an adder]
  3012 | D:4      | Reached skill level 3 in Spellcasting
  3015 | D:4      | Reached skill level 4 in Transmutations
  3015 | D:4      | Gained mutation: You regenerate magic rapidly. [demonic
                  | ancestry]
  3015 | D:4      | Reached XP level 6. HP: 41/43 MP: 3/10
  3132 | D:4      | Learned a level 4 spell: Ice Form
  3496 | D:4      | Reached skill level 4 in Unarmed Combat
  3502 | D:4      | Reached skill level 1 in Ice Magic
  3505 | D:4      | HP: 8/43 [orc wizard/puff of flame (13)]
  3514 | D:4      | Reached XP level 7. HP: 20/48 MP: 6/12
  3764 | D:4      | Found an ancient bone altar of Kikubaaqudgha.
  3768 | D:4      | You pick up a book of Armaments and begin reading...
  3768 | D:4      | You add the spells Stone Arrow, Animate Armour and
                  | Lehudib's Crystal Spear to your library.
  3885 | D:5      | Entered Level 5 of the Dungeon
  4020 | D:5      | Reached skill level 5 in Transmutations
  4027 | D:5      | Reached skill level 2 in Ice Magic
  4044 | D:5      | Noticed Edmund
  4086 | D:6      | Reached skill level 4 in Spellcasting
  4092 | D:6      | Reached skill level 3 in Ice Magic
  4093 | D:6      | HP: 7/57 [killer bee (8)]
  4093 | D:6      | Slain by a killer bee

Vanquished Creatures
  A water moccasin (D:5)
  An ogre (D:4)
  A phantom (D:5)
  3 scorpions (D:4)
  5 killer bees (D:6)
  2 hounds (D:4)
  2 orc priests (D:4)
  2 orc wizards (D:4)
  4 adders
  An ufetubus (D:4)
  A worm (D:4)
  A dart slug (D:1)
  14 orcs
  7 endoplasms
  4 giant cockroaches
  4 goblins
  9 hobgoblins
  5 jackals
  4 quokkas
  4 ball pythons
  4 bats
  A frilled lizard (D:1)
  9 kobolds
  10 rats
99 creatures vanquished.

Table legend:
 A = Non-vault XP
 B = Vault XP
 C = Vault XP percentage of total XP
 D = Non-vault monster count
 E = Vault monster count
 F = Vault count percentage of total count
                 A         B        C        D         E       F
            +---------+---------+-------+---------+---------+-------
      Total |    1171 |     209 |  15.1 |      84 |      15 |  15.2
            +---------+---------+-------+---------+---------+-------
        D:1 |      21 |       0 |   0.0 |      12 |       0 |   0.0
        D:2 |      32 |       4 |  11.1 |      19 |       4 |  17.4
        D:3 |      44 |       0 |   0.0 |      17 |       0 |   0.0
        D:4 |     514 |     205 |  28.5 |      29 |      11 |  27.5
        D:5 |     249 |       0 |   0.0 |       2 |       0 |   0.0
        D:6 |     311 |       0 |   0.0 |       5 |       0 |   0.0
            +---------+---------+-------+---------+---------+-------

Skill      XL: |  1  2  3  4  5  6  7 |
---------------+----------------------+-----
Transmutations | 2 3 4 5 |  5.5
Unarmed Combat | 3 4 |  4.4
Poison Magic   | 1 2 |  2.0
Spellcasting   | 3 4 |  4.0
Ice Magic      | 1 3 |  3.0
Fighting       | |  1.0
Dodging        | |  1.7

Action                     |  1- 3 |  4- 6 |  7- 9 || total
---------------------------+-------+-------+-------++-------
  Melee: Unarmed           |   108 |    99 |    52 ||   259
         Kick              |    20 |    11 |       ||    31
         Headbutt          |     6 |     5 |       ||    11
         Punch             |     2 |     3 |       ||     5
         Touch             |     4 |     5 |       ||     9
   Cast: Beastly Appendage |    29 |    11 |       ||    40
         Spider Form       |     1 |     6 |     1 ||     8
         Wereblood         |       |     3 |     1 ||     4
         Ice Form          |       |       |     2 ||     2
    Use: Scroll            |     5 |     3 |     2 ||    10
         Potion            |     2 |     2 |       ||     4
   Stab: Sleeping          |     2 |       |       ||     2
         Distracted        |       |     1 |       ||     1
 Armour: Robe              |    15 |     8 |       ||    23
         Skin              |     2 |    48 |     9 ||    59
  Dodge: Dodged            |    79 |    67 |    33 ||   179

Illustrated notes

Table legend:
 A = Kills in this place as a percentage of kills in the entire game.
 B = Kills by you in this place as a percentage of kills by you in the entire game.
 C = Kills by friends in this place as a percentage of kills by friends in the entire game.
 D = Other kills in this place as a percentage of other kills in the entire game.
 E = Experience gained in this place as a percentage of experience gained in the entire game.
 F = Experience gained in this place divided by the number of levels of this place that you have seen.
                   A       B       C       D       E      F
               +-------+-------+-------+-------+-------+----------------------
         Total | 100.0 | 100.0 |   N/A |   N/A | 100.0 | 230.0
       Dungeon | 100.0 | 100.0 |   N/A |   N/A | 100.0 | 230.0
               +-------+-------+-------+-------+-------+----------------------

Table legend: (Time is in decaauts)
 A = Elapsed time spent in this place.
 B = Non-inter-level travel time spent in this place.
 C = Inter-level travel time spent in this place.
 D = Time resting spent in this place.
 E = Time spent auto-exploring this place.
 F = Levels seen in this place.
 G = Mean time per level.
                   A        B        C        D        E       F      G
               +--------+--------+--------+--------+--------+-----+--------+
         Total |   4098 |   3991 |    107 |      7 |   3333 |   6 |  683.0 |
       Dungeon |   4098 |   3991 |    107 |      7 |   3333 |   6 |  683.0 |
               +--------+--------+--------+--------+--------+-----+--------+

Top non-repeatable levels by time:
     D:4: 1539 daAuts
     D:2: 868 daAuts
     D:1: 825 daAuts
     D:3: 660 daAuts
     D:5: 170 daAuts
     D:6: 35 daAuts
